 Dungeon Crawl Stone Soup version 0.30.0-29-ga12c61a403 (webtiles) character file.

Game seed: 4458308562752742496

114 Twistedlink07 the Cudgeller (level 4, -3/29 HPs)
             Began as a Gargoyle Berserker on June 18, 2023.
             Was a Believer of Trog.
             Killed from afar by Blork the orc (7 damage)
             ... with a puff of flame
             ... on level 4 of the Dungeon.
             The game lasted 00:08:11 (2549 turns).

Twistedlink07 the Cudgeller (Gargoyle Berserker)    Turns: 2549, Time: 00:08:12

Health: -3/29      AC: 14    Str: 23    XL:     4   Next: 98%
Magic:  4/4        EV:  9    Int:  7    God:    Trog [**....]
Gold:   154        SH:  0    Dex:  9    Spells: 3/3 levels left

rFire   . . .        m - +1 battleaxe (flame)
rCold   . . .        (shield currently unavailable)
rNeg    + . .        n - +0 chain mail
rPois   ∞            i - +0 helmet
rElec   +            f - +0 cloak
rCorr   .            (no gloves)
SInv    .            (no boots)
Will    .....        (no amulet) Stlth
                     (no ring)
HPRegen 0.24/turn    (no ring)
MPRegen 0.09/turn

%: no passive effects
@: no status effects
A: sickness immunity, AC +3, negative energy resistance 1, electricity
resistance, torment resistance 1, petrification resistance
a: Renounce Religion, Berserk, Trog's Hand


You were on level 4 of the Dungeon.
You worshipped Trog.
Trog was pleased with you.
You visited 1 branch of the dungeon, and saw 4 of its levels.

You collected 154 gold pieces.

Inventory:

Hand Weapons
 a - a +0 mace
 m - a +1 battleaxe of flaming (weapon)
Missiles
 q - 5 poisoned darts (quivered)
Armour
 f - a +0 cloak (worn)
 i - a +0 helmet (worn)
 n - a +0 chain mail (worn)
Scrolls
 c - a scroll of poison {unknown}
 d - 5 scrolls of identify {unknown}
 e - 2 scrolls of magic mapping {unknown}
 h - 2 scrolls of immolation {unknown}
 j - a scroll of teleportation {unknown}
 l - a scroll of acquirement {unknown}
 p - a scroll of fog {unknown}
 s - a scroll of blinking {unknown}
Potions
 b - 2 potions of ambrosia {unknown}
 g - a potion of resistance
 k - a potion of invisibility {unknown}
 o - a potion of berserk rage {unknown}
 r - a potion of degeneration {unknown}
 t - a potion of might {unknown}


   Skills:
 + Level 4.0 Fighting
 + Level 0.5(2.4) Axes
 + Level 4.2(4.3) Maces & Flails
 + Level 2.3 Armour
 + Level 2.2 Dodging
 + Level 1.0 Stealth


You had 3 spell levels left.
You didn't know any spells.
Your spell library was empty.

Dungeon Overview and Level Annotations

Branches:
Dungeon (4/15)
 Temple: D:4-7

Altars:
Dithmenos
Uskayaw

Annotations:
D:4 Blork the orc


Innate Abilities, Weirdness & Mutations

You are immune to sickness and miasma.
Your stone body is resilient. (AC +3)
You are immune to poison.
You resist negative energy. (rN+)
You are resistant to electric shocks. (rElec)
You are resistant to unholy torment.
You are immune to petrification.


Message History

The hobgoblin hits you but does no damage.
Blork the orc looks satisfied for a moment.
You slice the hobgoblin!! You burn the hobgoblin.
You kill the hobgoblin!
Trog accepts your kill.
Blork the orc mumbles some strange words.
Blork the orc seems to speed up.
Blork the orc drinks a potion.
Blork the orc suddenly seems more resistant.
Blork the orc points at you and mumbles some strange words.
The magic dart hits you but does no damage.
Blork the orc screams, "I'll drink your blood!
Soon!"
Blork the orc points at you and mumbles some strange words.
The puff of flame hits you!
You see here 6 gold pieces.
Blork the orc screams, "You are the ugliest creature I've ever seen!"
Blork the orc gestures at you while chanting.
The puff of frost hits you. Blork the orc closely misses you.
Blork the orc closely misses you.
Blork the orc is no longer moving quickly.
Blork the orc is no longer unusually resistant.
Blork the orc screams, "Die!"
Blork the orc misses you. Blork the orc casts a spell at you.
The puff of flame hits you.
Blork the orc gestures at you while chanting.
The magic dart hits you.
Blork the orc casts a spell.
Blork the orc seems to speed up.
Blork the orc gestures at you while chanting.
The puff of frost hits you but does no damage.
Blork the orc gestures at you while chanting.
The magic dart hits you but does no damage.
Blork the orc hits you from afar with a +0 glaive.
You open the door.
Blork the orc hits you from afar with a +0 glaive!
* * * LOW HITPOINT WARNING * * *
Blork the orc points at you and mumbles some strange words.
The puff of flame hits you!
You die...

....# #...................# ....#
#...................# ....#
#...................# .
....#######...................# .
####.....................###'###.
#............##########.......
#............#................
#............#................
#..........o.@................
###########.....#.......##.......
#...#.#.###.....#.......##....##.
..#...#...#.....#.).....##....##+
#.#.#o..#.......#................
#.#.#...##......#................
..#...#....$....#................
#...#.#.###.....#................
######### #.....#................


You could see Blork the orc (fast).

Vanquished Creatures
  4 adders
  2 worms
  A dart slug (D:3)
  2 orcs
  6 endoplasms
  3 giant cockroaches
  7 goblins
  6 hobgoblins
  5 jackals
  11 kobolds
  A quokka (D:1)
  6 ball pythons
  4 bats
  4 frilled lizards
  3 rats
65 creatures vanquished.

Notes
Turn   | Place    | Note
-------+----------+-------------------------------------------
     0 | D:1      | Twistedlink07 the Gargoyle Berserker began the quest for
                  | the Orb.
     0 | D:1      | Reached XP level 1. HP: 14/14 MP: 1/1
   194 | D:1      | Reached XP level 2. HP: 19/19 MP: 2/2
   757 | D:1      | Found a faded altar of an unknown god.
   912 | D:2      | Reached XP level 3. HP: 23/23 MP: 3/3
  1025 | D:2      | Reached ** piety under Trog
  1226 | D:2      | Found a hide-covered altar of Uskayaw.
  1593 | D:3      | Reached XP level 4. HP: 24/29 MP: 4/4
  1710 | D:3      | Found a shadowy altar of Dithmenos.
  2383 | D:4      | Reached skill level 1 in Stealth
  2503 | D:4      | Noticed Blork the orc
  2549 | D:4      | Killed from afar by Blork the orc

Illustrated notes

Levels and vault maps discovered:
D:1:      amcnicky_arrival_choice, layout_loops_ring,
          shapermc_ecumenical_altar_rom_forum
D:2:      minmay_evil_eye, layout_basic, basic_altar
D:3:      layout_loops_cross, grunt_dithmenos_smoke
D:4:      layout_gridville, minmay_hedge_maze, minmay_misc_feat_alley,
          uniq_blork_the_orc

Skill      XL: |  1  2  3  4 |
---------------+-------------+-----
Dodging        | 2 |  2.2
Maces & Flails | 4 |  4.2
Stealth        | 1 |  1.0
Fighting       | 4 |  4.0
Axes           | |  0.5
Armour         | |  2.3

Action                     |  1- 3 |  4- 6 || total
---------------------------+-------+-------++-------
  Melee: Mace              |   147 |     5 ||   152
         Battleaxe         |       |    40 ||    40
    Use: Potion            |     1 |       ||     1
   Stab: Sleeping          |     1 |     2 ||     3
 Armour: Animal skin       |    64 |     3 ||    67
         Chain mail        |       |    19 ||    19
  Dodge: Dodged            |   101 |    27 ||   128
